 Dungeon Crawl Stone Soup version 0.27.1-33-g824d729ab1 (webtiles) character file.

Game seed: 3580936572209072449

10841 lonewolfV2 the Spear-Bearer (level 11, -6/97 HPs)
             Began as a Minotaur Gladiator on Dec 9, 2021.
             Was an Elder of Vehumet.
             Mangled by a 13-headed hydra (9 damage)
             ... on level 11 of the Dungeon.
             The game lasted 00:37:32 (10682 turns).

lonewolfV2 the Spear-Bearer (Minotaur Gladiator)   Turns: 10682, Time: 00:37:33

Health: -6/97      AC: 12    Str: 19    XL:     11   Next: 41%
Magic:  10/10      EV: 17    Int:  5    God:    Vehumet [****..]
Gold:   557        SH:  0    Dex: 21    Spells: 7/10 levels left

rFire    . . .     SeeInvis +   o - +5 halberd (freeze)
rCold    . . .     Faith    .   (shield currently unavailable)
rNeg     . . .     Spirit   .   h - +2 acid dragon scales
rPois    .         Reflect  .   c - +0 hat
rElec    .         Harm     .   (no cloak)
rCorr    +         Rampage  .   A - +1 pair of gloves
Will     .....                  (no boots)
Stlth    +++.......             D - amulet of regeneration
HPRegen  1.26/turn              z - +6 ring of dexterity
MPRegen  0.12/turn              k - ring of see invisible

@: invisible
A: horns 2, retaliatory headbutt
a: Renounce Religion


You were on level 11 of the Dungeon.
You worshipped Vehumet.
Vehumet was greatly pleased with you.
You visited 2 branches of the dungeon, and saw 12 of its levels.
You also visited: Ossuary.

You collected 707 gold pieces.
You spent 150 gold pieces at shops.

Inventory:

Hand Weapons
 a - a +1 long sword
 l - a +2 dire flail of draining
 o - a +5 halberd of freezing (weapon)
 u - the +3 spear of Squeaky Responsibility {flame, rF+ Stlth+}
   (You found it on level 4 of the Dungeon)

   It burns those it strikes, dealing additional fire damage.
   rF:        It protects you from fire.
   Stlth:     It makes you more stealthy.
Missiles
 j - 4 silver javelins
 I - 2 throwing nets
Armour
 c - a +0 hat (worn)
 h - +2 acid dragon scales (worn)
 i - a +0 kite shield of reflection
 t - a +0 chain mail of poison resistance
 A - a +1 pair of gloves (worn)
Jewellery
 k - a ring of see invisible (right hand)
 y - an amulet of the acrobat
 z - a +6 ring of dexterity (left hand)
 D - an amulet of regeneration (around neck)
 G - a ring of protection from cold
Wands
 f - a wand of iceblast (19)
 s - a wand of charming (21) (quivered)
 w - a wand of mindburst (4)
 C - a wand of polymorph (11)
 F - a wand of paralysis (9)
 L - a wand of flame (26)
Scrolls
 d - 2 scrolls of fog
 e - 2 scrolls of teleportation
 g - 2 scrolls of amnesia
 p - a scroll of enchant armour
 q - a scroll of blinking
 r - 4 scrolls of immolation
 B - 3 scrolls of fear
 H - a scroll of noise {unknown}
 J - 2 scrolls of identify
Potions
 b - 3 potions of mutation
 m - 4 potions of invisibility
 n - 2 potions of degeneration
 x - 2 potions of might
 E - a potion of cancellation
 K - a potion of ambrosia
 M - a potion of lignification {unknown}
 N - a potion of resistance {unknown}
 O - a potion of haste {unknown}
 P - a potion of brilliance


   Skills:
 + Level 9.0 Fighting
 + Level 6.1 Long Blades
 + Level 11.9 Polearms
 + Level 3.7 Throwing
 + Level 8.4 Armour
 + Level 8.1 Dodging
 + Level 3.6 Stealth
 + Level 6.9 Shields


You had 7 spell levels left.
You knew the following spells:

 Your Spells              Type           Power      Damage    Failure   Level
a - Vampiric Draining     Necr           0%         2d6       89%         3

Your spell library contained the following spells:

 Spells                   Type           Power      Damage    Failure   Level
 Stone Arrow              Conj/Erth      0%         3d7       43%         3
 Sandblast                Erth           0%         2d4       17%         1
 Poisonous Vapours        Pois/Air       0%         N/A       24%         2
 Dazzling Flash           Conj/Hex       0%         N/A       43%         3
 Sting                    Tmut/Pois      0%         1d3       54%         1
 Passwall                 Tmut/Erth      0%         N/A       69%         2
 Slow                     Hex            0%         N/A       69%         2
 Olgreb's Toxic Radiance  Pois           0%         N/A       82%         4
 Confusing Touch          Hex            0%         N/A       89%         3
 Portal Projectile        Hex/Tloc       0%         N/A       89%         3
 Irradiate                Conj/Tmut      0%         3d13      98%         5
 Lee's Rapid Deconstruct  Erth           0%         3d5*      98%         5
 Agony                    Necr           0%         N/A       100%        5
 Blade Hands              Tmut           0%         N/A       100%        5
 Excruciating Wounds      Necr           0%         N/A       100%        5
 Silence                  Hex/Air        0%         N/A       100%        5
 Dragon Form              Tmut           0%         N/A       100%        7


Dungeon Overview and Level Annotations

Branches:
Dungeon (11/15)            Temple (1/1) D:6            Lair (0/6) D:10
Ossuary (visited)
    Orc: D:9-12

Altars:
Ashenzari
Elyvilon
Gozag
Hepliaklqana
Kikubaaqudgha
Nemelex Xobeh
Sif Muna
Uskayaw
Vehumet
Zin
The Shining One

Shops:
D:5 [

Annotations:
D:3 2 transporters


Innate Abilities, Weirdness & Mutations

You have a pair of horns on your head.
You reflexively headbutt those who attack you in melee.


Message History

You slice one of the ten-headed hydra's heads off!
The nine-headed hydra grows two more!
You slash the 11-headed hydra!
The 11-headed hydra seems to slow down.
You freeze the 11-headed hydra. You headbutt the 11-headed hydra!
The 11-headed hydra is moderately wounded.
You lop one of the 11-headed hydra's heads off!
The ten-headed hydra grows two more!
You puncture the 12-headed hydra! You freeze the 12-headed hydra.
Your headbutt misses the 12-headed hydra.
The 12-headed hydra is heavily wounded.
The 12-headed hydra misses you.
The 12-headed hydra closely misses you. x2
The 12-headed hydra bites you. The 12-headed hydra barely misses you.
The 12-headed hydra misses you. The 12-headed hydra bites you! x2
The 12-headed hydra misses you. The 12-headed hydra bites you! x2
* * * LOW HITPOINT WARNING * * *
The 12-headed hydra bites you but does no damage.
You lop one of the 12-headed hydra's heads off!
The 11-headed hydra grows two more!
You hit the 13-headed hydra.
The 13-headed hydra seems to slow down.
You freeze the 13-headed hydra.
The 13-headed hydra is heavily wounded.
You feel much better. The 13-headed hydra bites you.
The 13-headed hydra closely misses you. The 13-headed hydra misses you.
The 13-headed hydra barely misses you.
The 13-headed hydra bites you but does no damage.
The 13-headed hydra bites you. The 13-headed hydra closely misses you.
The 13-headed hydra bites you but does no damage.
The 13-headed hydra bites you. x2; The 13-headed hydra bites you!
* * * LOW HITPOINT WARNING * * *
The 13-headed hydra barely misses you.
The 13-headed hydra completely misses you.
You fade into invisibility!
The 13-headed hydra misses you. You furiously retaliate!
You headbutt the 13-headed hydra! The 13-headed hydra bites you.
* * * LOW HITPOINT WARNING * * *
The 13-headed hydra bites you!
* * * LOW HITPOINT WARNING * * *
The 13-headed hydra completely misses you.
The 13-headed hydra misses you. The 13-headed hydra barely misses you.
The 13-headed hydra bites you!
You die...

#
#########
#.......)
###
#........
#^.
#........
#.#
#........
#.#
#........
#D#
#........
#@#
######)##
##.#
#.....<
#?.#
#......
#.##
#..>..#
#.#
#.....#
#.#
####...
###.####
####
#......#
#
#......#
#


You could see a 13-headed hydra (slow).

Vanquished Creatures
  4 two-headed ogres
  A cyclops (D:11)
  Maggie (D:6)
  A troll (D:10)
  Sigmund (D:6)
  A wraith (D:11)
  16 yaks
  2 wyverns
  A shadow (D:11)
  2 acid dragons
  A sky beast (D:7)
  3 orc warriors
  2 ice beasts
  3 necrophages
  4 centaurs
  2 phantoms
  3 kobold brigands
  A bullfrog (D:6)
  2 gnoll sergeants
  A wyvern zombie (D:8)
  3 scorpions
  A water moccasin skeleton (D:5)
  An electric eel (D:9)
  6 killer bees (D:8)
  16 wights
  A hound (D:5)
  A human zombie (Ossuary)
  3 centaur zombies
  3 orc priests
  2 jellies
  Crazy Yiuf (D:6)
  A bullfrog skeleton (D:6)
  2 centaur skeletons (D:7)
  3 iguanas
  Terence (D:2)
  8 orc wizards
  A killer bee zombie (D:7)
  3 adders
  8 gnolls
  2 howler monkey skeletons
  2 white imps
  An adder skeleton (D:4)
  2 dart slugs
  30 orcs
  4 bats
  5 endoplasms (D:1)
  2 giant cockroaches (D:1)
  12 goblins
  5 hobgoblins
  4 quokkas
  10 ball pythons
  9 frilled lizards
  2 goblin zombies (Ossuary)
  A hobgoblin zombie (Ossuary)
  24 kobolds
  2 rats (D:1)
234 creatures vanquished.

Vanquished Creatures (others)
  2 withered plants (D:9)
2 creatures vanquished.

Grand Total: 236 creatures vanquished

Notes
Turn   | Place    | Note
-------+----------+-------------------------------------------
     0 | D:1      | lonewolfV2 the Minotaur Gladiator began the quest for the
                  | Orb.
     0 | D:1      | Reached XP level 1. HP: 18/18 MP: 0/0
   143 | D:1      | Reached XP level 2. HP: 25/25 MP: 1/1
   449 | D:1      | Reached XP level 3. HP: 27/30 MP: 2/2
   652 | D:1      | Found a faded altar of an unknown god.
  1183 | D:2      | Noticed Terence
  1184 | D:2      | Reached skill level 1 in Armour
  1202 | D:2      | Killed Terence
  1203 | D:2      | Reached XP level 4. HP: 9/38 MP: 3/3
  1745 | D:3      | Found a transporter.
  1752 | D:3      | Found a transporter.
  1849 | D:3      | Noticed a scorpion
  1853 | D:3      | Killed a scorpion
  1854 | D:3      | Reached skill level 5 in Long Blades
  1854 | D:3      | Reached XP level 5. HP: 30/45 MP: 4/4
  1856 | D:3      | Found a white marble altar of Elyvilon.
  2181 | D:4      | Noticed a necrophage
  2191 | D:4      | Killed a necrophage
  2192 | D:4      | Reached XP level 6. HP: 51/51 MP: 5/5
  2331 | D:4      | Found a radiant altar of Vehumet.
  2349 | D:4      | Became a worshipper of Vehumet
  2364 | D:4      | Learned a level 3 spell: Vampiric Draining
  2660 | D:4      | Reached skill level 1 in Stealth
  3164 | D:4      | Identified the +3 spear of Squeaky Responsibility {flame,
                  | rF+ Stlth+}
  3455 | D:5      | Entered Level 5 of the Dungeon
  3590 | D:5      | Reached XP level 7. HP: 59/59 MP: 6/6
  3669 | D:5      | Found Boukuid's Antique Armour Emporium.
  3710 | D:5      | Bought a shiny kite shield for 150 gold pieces
  4030 | D:5      | Found a sand-covered staircase.
  4035 | Ossuary  | Entered an ossuary
  4435 | D:5      | Reached skill level 1 in Polearms
  4493 | D:5      | Reached skill level 1 in Shields
  4498 | D:5      | Reached skill level 2 in Polearms
  4619 | D:5      | Found an ancient bone altar of Kikubaaqudgha.
  4926 | D:6      | Found an opulent altar of Gozag.
  4940 | D:6      | Reached * piety under Vehumet
  4940 | D:6      | Offered knowledge of Freeze by Vehumet.
  4959 | D:6      | Reached skill level 5 in Armour
  4970 | D:6      | Noticed Maggie
  4989 | D:6      | Killed Maggie
  4990 | D:6      | Reached skill level 5 in Fighting
  4990 | D:6      | Reached skill level 3 in Polearms
  4990 | D:6      | Reached XP level 8. HP: 12/68 MP: 7/7
  5268 | D:6      | Found a staircase to the Ecumenical Temple.
  5295 | Temple   | Entered the Ecumenical Temple
  5424 | D:6      | Noticed Sigmund
  5450 | D:6      | Killed Sigmund
  5451 | D:6      | Reached skill level 4 in Polearms
  6060 | D:6      | Found a runed translucent door.
  6061 | D:6      | Noticed Crazy Yiuf
  6076 | D:6      | Killed Crazy Yiuf
  6242 | D:6      | Noticed a two-headed ogre
  6256 | D:6      | Killed a two-headed ogre
  6257 | D:6      | Reached skill level 5 in Polearms
  6257 | D:6      | Reached skill level 5 in Dodging
  6257 | D:6      | Reached XP level 9. HP: 17/75 MP: 8/8
  7311 | D:7      | Reached skill level 6 in Polearms
  7385 | D:8      | Reached skill level 5 in Shields
  7460 | D:8      | Reached skill level 7 in Polearms
  7467 | D:8      | Reached ** piety under Vehumet
  7530 | D:8      | Offered knowledge of Shock by Vehumet.
  7847 | D:8      | Reached XP level 10. HP: 84/84 MP: 9/9
  8486 | D:9      | Reached skill level 8 in Polearms
  8561 | D:9      | Found a shimmering blue altar of Sif Muna.
  8638 | D:9      | Offered knowledge of Mephitic Cloud by Vehumet.
  8939 | D:9      | Noticed a two-headed ogre
  8947 | D:9      | HP: 2/68 [two-headed ogre (5)]
  8951 | D:9      | Killed a two-headed ogre
  8952 | D:9      | Reached skill level 9 in Polearms
  9198 | D:9      | Reached *** piety under Vehumet
  9359 | D:10     | Entered Level 10 of the Dungeon
  9390 | D:10     | Found a staircase to the Lair.
  9395 | D:10     | Found a glowing silver altar of Zin.
  9527 | D:10     | Reached skill level 10 in Polearms
  9867 | D:10     | Noticed a two-headed ogre
  9875 | D:10     | Killed a two-headed ogre
  9876 | D:10     | Reached XP level 11. HP: 49/94 MP: 10/10
 10213 | D:11     | Reached skill level 11 in Polearms
 10213 | D:11     | Offered knowledge of Hailstorm by Vehumet.
 10277 | D:11     | Noticed a two-headed ogre
 10290 | D:11     | Killed a two-headed ogre
 10463 | D:11     | Reached **** piety under Vehumet
 10594 | D:11     | Offered knowledge of Stone Arrow by Vehumet.
 10667 | D:11     | Noticed a six-headed hydra
 10682 | D:11     | HP: 3/97 [13-headed hydra (13)]
 10682 | D:11     | Mangled by a 13-headed hydra

Illustrated notes

Levels and vault maps discovered:
D:1:      matt_arrival_diagonals, layout_rooms,
          shapermc_ecumenical_altar_mp_vishouse, minmay_tromino_v4_b
D:2:      layout_basic, uniq_terence
D:3:      gammafunk_steamed_eel, layout_loops_ring, lemuel_tele_altar,
          serial_glass, glass_columns_b, glass_columns_a
D:4:      layout_loops_ring, mainiacjoe_overflow_paths, minivault_14
D:5:      layout_loops_ring, nicolae_kikubaaqudgha_miasma_corner, serial_shops,
          shop_coins, enter_ossuary_5
D:6:      layout_layer_cave, nicolae_gozag_seed_capital,
          minmay_temple_entry_butterflies, uniq_maggie, uniq_crazy_yiuf_cottage,
          uniq_sigmund
D:7:      layout_loops_ring
D:8:      layout_basic
D:9:      layout_roguey, mainiacjoe_overflow_chevrons, serial_undead,
          serial_undead_f, serial_undead_c, serial_undead_e, serial_undead_d,
          serial_undead_f, serial_undead_f
D:10:     layout_basic, general_overflow_altar, lair_entry_dummy,
          minmay_misc_feat_rows, small_statue_intersection, corexii_corridor_pit
D:11:     layout_rooms, minmay_hedge_maze
Temple:   compressed_dpeg_circular_temple

Skill      XL: |  1  2  3  4  5  6  7  8  9 10 11 |
---------------+----------------------------------+-----
Long Blades    | 4 5 6 |  6.1
Fighting       | 3 4 5 6 8 9 |  9.0
Armour         | 1 2 3 5 7 8 |  8.4
Throwing       | 3 |  3.7
Dodging        | 4 5 6 7 8 |  8.1
Stealth        | 1 2 3 |  3.6
Polearms       | 3 5 7 10 11 | 11.9
Shields        | 3 4 6 |  6.9

Action                   |  1- 3 |  4- 6 |  7- 9 | 10-12 || total
-------------------------+-------+-------+-------+-------++-------
Melee: Long sword        |    50 |    48 |       |       ||    98
       Headbutt          |    10 |    13 |    62 |    50 ||   135
       Spear             |       |    24 |   230 |       ||   254
       Halberd           |       |       |    15 |   216 ||   231
Throw: Javelin           |    21 |     7 |       |       ||    28
       Throwing net      |     6 |     1 |       |       ||     7
  Use: Scroll            |     4 |     5 |     5 |       ||    14
       Potion            |       |     7 |     5 |     6 ||    18
 Stab: Sleeping          |       |       |     2 |     1 ||     3
       Distracted        |       |       |     1 |       ||     1
Armor: Leather armour    |    19 |    13 |       |       ||    32
       Chain mail        |       |     9 |    87 |       ||    96
       Acid dragon scale |       |       |    37 |   127 ||   164
Dodge: Dodged            |    56 |    39 |   115 |   302 ||   512
Block: Kite shield       |       |       |   144 |       ||   144
       Reflection        |       |       |     4 |       ||     4
       Rpst.: Long sword |    16 |     6 |       |       ||    22
